 Dungeon Crawl Stone Soup version 0.31.0-9-g3a7656b989 (webtiles) character file.

Game seed: 13725991807734021502

95 qw the Shooter (level 4, -2/22 HPs)
             Began as a Spriggan Hunter on Feb 2, 2024.
             Killed by divine providence
             ... invoked by an orc priest
              (14 damage)
             ... on level 3 of the Dungeon.
             The game lasted 00:00:06 (1919 turns).

qw the Shooter (Spriggan Hunter)                    Turns: 1919, Time: 00:00:06

Health: -2/22      AC:  2    Str:  7    XL:     4   Next: 39%
Magic:  5/5        EV: 20    Int: 10    God:
Gold:   105        SH:  0    Dex: 20    Spells: 3/3 levels left

rFire   . . .        a - +0 shortbow
rCold   . . .        (shield currently unavailable)
rNeg    . . .        c - +0 robe
rPois   .            (helmet restricted)
rElec   .            (no cloak)
rCorr   .            (gloves unavailable)
SInv    +            (boots unavailable)
Will    .....        (no amulet)
Stlth   ++           (no ring)
HPRegen 0.23/turn    (no ring)
MPRegen 0.09/turn

%: no passive effects
@: very quick
A: very small, no large weapons, unfitting armour, see invisible, speed 3
a: no special abilities


You were on level 3 of the Dungeon.
You visited 1 branch of the dungeon, and saw 3 of its levels.

You collected 105 gold pieces.


Innate Abilities, Weirdness & Mutations

You are very small and have problems with some larger weapons.
You are too small for most types of armour.
You have supernaturally acute eyesight. (SInv)
You cover ground extremely quickly. (Speed+++)


   Skills:
 - Level 1.5 Fighting
 - Level 5.0 Ranged Weapons
 + Level 4.7 Dodging
 - Level 1.5 Stealth


You had 3 spell levels left.
You didn't know any spells.
Your spell library was empty.

Inventory:

Hand Weapons
 a - a +0 shortbow (weapon)
Armour
 c - a +0 robe (worn)
Wands
 b - a wand of roots (6)
Scrolls
 j - a scroll of teleportation
Potions
 f - a potion of curing {unknown}
 g - a potion of mutation {unknown}

Dungeon Overview and Level Annotations

Branches:
Dungeon (3/15)

Altars:

Shops:
D:1 (


Message History

You shoot an arrow. The orc priest shouts!
The orc shouts!
The arrow hits the kobold!
You kill the kobold!
A bat comes into view.
An orc comes into view. It is wielding a +0 hand axe.
You shoot an arrow. The arrow closely misses the bat.
The arrow closely misses the orc.
The orc shouts!
An orc priest comes into view. It is wielding a +0 falchion.
You shoot an arrow. The arrow closely misses the bat.
The orc priest shouts!
The bat barely misses you.
You shoot an arrow. The arrow closely misses the bat.
The bat barely misses you.
The orc priest invokes the aid of Beogh against you.
You struggle to resist.
You shoot an arrow. The arrow misses the bat.
The arrow hits the orc priest but does no damage.
The bat completely misses you.
You shoot an arrow. The arrow hits the orc priest.
The orc priest is lightly wounded.
The bat hits you but does no damage.
The orc priest invokes the aid of Beogh against you.
Beogh smites you!
Ouch! That really hurt!
You shoot an arrow. The arrow closely misses the bat.
The bat completely misses you.
You shoot an arrow.
The arrow closely misses the orc priest.
The arrow misses the bat.
The bat misses you.
The orc priest begins to cast a cantrip, but forgets the words! x2
You shoot an arrow.
The arrow closely misses the orc priest.
The orc misses you. The orc closely misses you.
The orc priest invokes the aid of Beogh against you.
Beogh smites you!
Ouch! That really hurt!
You die...

....## #.......#
...##. ###.#..##
## #. #....# #
##. ##...#
#.#..#### #...#
........# #...#
.%[.....# #...#
...<$..o#####...#
.....ob@........#
...$..oo#####.#.#
........# #.#.#
........# #.#.#
........# #.#.#
.).)....# #.#
........# #..
######### #..


You could see 2 orc priests, 2 orcs and a bat.

Vanquished Creatures
  4 adders
  A dart slug (D:2)
  A ribbon worm (D:3)
  An orc (D:3)
  5 bats
  2 endoplasms
  3 giant cockroaches
  5 goblins
  3 hobgoblins
  6 jackals
  3 quokkas (D:2)
  5 ball pythons
  4 frilled lizards
  8 kobolds
  2 rats
53 creatures vanquished.

Notes
Turn   | Place    | Note
-------+----------+-------------------------------------------
     0 | D:1      | qw the Spriggan Hunter began the quest for the Orb.
     0 | D:1      | Reached XP level 1. HP: 10/10 MP: 2/2
     0 | D:1      | 0 ||| qw: Version: 0.3-a-155-g5e7d8dd
     0 | D:1      | 0 ||| qw: Game counter: 2750
     0 | D:1      | 0 ||| qw: Melee chars always use a shield: true
     0 | D:1      | 0 ||| qw: God list: Okawaru
     0 | D:1      | 0 ||| qw: Allow faded altars: false
     0 | D:1      | 0 ||| qw: Do Orc after clearing Dungeon:15 true
     0 | D:1      | 0 ||| qw: Do second Lair branch before Depths: true
     0 | D:1      | 0 ||| qw: Lair rune preference: random
     0 | D:1      | 0 ||| qw: Goals: Normal
     0 | D:1      | 0 ||| PLANNING D:1-11
    32 | D:1      | Reached skill level 3 in Dodging
   220 | D:1      | Reached XP level 2. HP: 14/14 MP: 3/3
   449 | D:1      | Found Lalejaem's Weapon Shop.
   933 | D:1      | 933 ||| READING scroll labelled YCSUNILIMP.
   936 | D:1      | 936 ||| READING scroll labelled JABASO RITZIG.
  1037 | D:1      | 1037 ||| DROPPING scroll of butterflies.
  1076 | D:2      | Reached XP level 3. HP: 15/18 MP: 4/4
  1107 | D:2      | HP: 3/18 [quokka (4)]
  1109 | D:2      | HP: 1/18 [quokka (2)]
  1258 | D:2      | Found a faded altar of an unknown god.
  1506 | D:2      | Reached skill level 5 in Ranged Weapons
  1665 | D:2      | Reached XP level 4. HP: 22/22 MP: 5/5
  1719 | D:2      | 1719 ||| READING scroll labelled OHO XOUXKAFUE.
  1720 | D:2      | 1720 ||| READING 2 scrolls labelled MYSMIS EKASUUNK.
  1761 | D:2      | 1761 ||| READING scroll labelled LUEPNA HETABEAR.
  1762 | D:2      | 1762 ||| READING scroll labelled SIF KORAXUINT.
  1762 | D:2      | 1762 ||| IDENTIFYING lumpy red potion
  1763 | D:2      | 1763 ||| DROPPING potion of attraction.
  1764 | D:2      | 1764 ||| DROPPING scroll of torment.
  1904 | D:3      | Found the +4 Cigotuvi's embrace {Corpsefed rMiasma ^Drain
                  | rN+}
  1919 | D:3      | Killed from afar by an orc priest

Levels and vault maps discovered:
D:1:      dpeg_arrival_boxorama, layout_basic, serial_shops,
          nicolae_shop_window_shopping
D:2:      layout_basic, shapermc_ecumenical_altar_mp_highgroup,
          grunt_ministairs_8
D:3:      layout_rooms, serial_shops, shop, corexii_leaking_fountain

Skill      XL: |  1  2  3 |
---------------+----------+-----
Dodging        | 3 4 |  4.7
Ranged Weapons | 5 |  5.0
Fighting       | |  1.5
Stealth        | |  1.5

Action                     |  1- 3 |  4- 6 || total
---------------------------+-------+-------++-------
   Fire: Shortbow          |   127 |    35 ||   162
    Use: Scroll            |     2 |     4 ||     6
 Armour: Robe              |    26 |     3 ||    29
  Dodge: Dodged            |    74 |    15 ||    89

Table legend:
 A = Non-vault XP
 B = Vault XP
 C = Vault XP percentage of total XP
 D = Non-vault monster count
 E = Vault monster count
 F = Vault count percentage of total count
                 A         B        C        D         E       F
            +---------+---------+-------+---------+---------+-------
      Total |     121 |      15 |  11.0 |      51 |       2 |   3.8
            +---------+---------+-------+---------+---------+-------
        D:1 |      33 |       0 |   0.0 |      22 |       0 |   0.0
        D:2 |      51 |      15 |  22.7 |      23 |       2 |   8.0
        D:3 |      37 |       0 |   0.0 |       6 |       0 |   0.0
            +---------+---------+-------+---------+---------+-------
